TOP OF THE 1ST |
Albuquerque Isotopes batting - Pitching for San Jose Missions : RHP José Reyes
|
Pitching: RHP José Reyes
|
|
Batting: LHB A.J. Major
|
0-0: Ball 1-0: Called Strike 1-1: SINGLE (Groundball, 3D)
|
Batting: SHB Lee Townsend
|
0-0: Called Strike A.J. Major is caught stealing 2nd base 0-1: Swinging Strike 0-2: Ball 1-2: Strikes out swinging
|
Batting: RHB Edward Young
|
0-0: Ball 1-0: Fly out, F8 (Flyball, 8RXD)
|
Top of the 1st over - 0 run(s), 1 hit(s), 0 error(s), 0 left on base; Albuquerque 0 - San Jose 0 |
BOTTOM OF THE 1ST |
San Jose Missions batting - Pitching for Albuquerque Isotopes : RHP Zózimo Pascoal
|
Pitching: RHP Zózimo Pascoal
|
|
Batting: RHB Peyton Pennington
|
0-0: Bunt for hit - play at first, batter safe!
|
Batting: LHB Arturo Rivera
|
0-0: Foul Ball, location: 2F 0-1: Ball 1-1: Ball 2-1: Ball 3-1: Base on Balls Peyton Pennington to second
|
Batting: RHB Armando López
|
0-0: Called Strike 0-1: Grounds into double play, U4-3 (Groundball, 4) Peyton Pennington to third
|
Batting: LHB Miguel Montés
|
0-0: Ball 1-0: 2-RUN HOME RUN (Flyball, 9D), Distance : 402 ft
|
Batting: RHB Chang-geun Kim
|
0-0: Ball 1-0: Ball 2-0: Ball 3-0: Base on Balls
|
Batting: RHB Dave Wookey
|
0-0: SINGLE (Flyball, 8LS) Chang-geun Kim to second Runner from 2nd tries for 3rd, SAFE, throw made to third
|
Batting: RHB Joe Broadhead
|
0-0: Called Strike 0-1: Foul Ball, location: 2F 0-2: Ball 1-2: Ball 2-2: Strikes out swinging
|
Bottom of the 1st over - 2 run(s), 3 hit(s), 0 error(s), 2 left on base; Albuquerque 0 - San Jose 2 |
TOP OF THE 2ND |
Albuquerque Isotopes batting - Pitching for San Jose Missions : RHP José Reyes
|
Batting: LHB Juan Carlos Sánchez
|
0-0: Ball 1-0: Hit by Pitch
|
Batting: RHB Cristián Herrera
|
0-0: SINGLE (Groundball, 34D) Juan Carlos Sánchez to second Runner from 2nd tries for 3rd, SAFE, throw made to third
|
Batting: LHB Domingo Cardona
|
0-0: Called Strike 0-1: Ball 1-1: Swinging Strike 1-2: Ball 2-2: Ball 3-2: Base on Balls Cristián Herrera to second
|
Batting: RHB Juan Vareas
|
0-0: Called Strike 0-1: Ball 1-1: Ball 2-1: Called Strike 2-2: Foul Ball, location: 2F 2-2: Foul Ball, location: 2F 2-2: Strikes out swinging
|
Batting: SHB Tony McLaughlin
|
0-0: Ball 1-0: Ball 2-0: Ball 3-0: Called Strike 3-1: Base on Balls Juan Carlos Sánchez scores Cristián Herrera to third Domingo Cardona to second
|
Batting: RHB Juan Barrera
|
0-0: Called Strike 0-1: DOUBLE (Flyball, 89XD) Cristián Herrera scores Domingo Cardona scores Tony McLaughlin to third Runner from 3rd tries for Home, SAFE, no throw or cutoff
|
Batting: LHB A.J. Major
|
0-0: Ball Wild Pitch! Juan Barrera to third 1-0: Swinging Strike 1-1: Ball 2-1: Ball 3-1: Called Strike 3-2: Foul Ball, location: 2F 3-2: Ground out 4-3 (Groundball, 4) Juan Barrera scores
|
Batting: SHB Lee Townsend
|
0-0: TRIPLE (Flyball, 8RXD)
|
Batting: RHB Edward Young
|
0-0: Called Strike 0-1: Ball Balk! Lee Townsend scores 1-1: Called Strike 1-2: SINGLE (Groundball, 6MD)
|
Batting: LHB Juan Carlos Sánchez
|
0-0: Called Strike 0-1: Ball 1-1: Ball 2-1: Foul Ball, location: 2F 2-2: Foul Ball, location: 2F 2-2: Ball 3-2: Foul Ball, location: 2F 3-2: SINGLE (Groundball, 6M) Edward Young to second Edward Young to third
|
Batting: RHB Cristián Herrera
|
0-0: Foul Ball, location: 2F 0-1: Hit by Pitch Juan Carlos Sánchez to second
|
Batting: LHB Domingo Cardona
|
0-0: Ball 1-0: Ball 2-0: Ball 3-0: Called Strike 3-1: Foul Ball, location: 2F 3-2: Foul Ball, location: 2F 3-2: Base on Balls Edward Young scores Juan Carlos Sánchez to third Cristián Herrera to second
|
Batting: RHB Juan Vareas
|
0-0: Ball 1-0: Ball 2-0: Foul Ball, location: 2F 2-1: Swinging Strike 2-2: TRIPLE (Flyball, 89XD) Juan Carlos Sánchez scores Cristián Herrera scores Domingo Cardona scores
|
Pitching: LHP Robert Flannery
|
|
Batting: SHB Tony McLaughlin
|
0-0: Fly out, F9 (Flyball, 89S)
|
Top of the 2nd over - 10 run(s), 6 hit(s), 0 error(s), 1 left on base; Albuquerque 10 - San Jose 2 |
BOTTOM OF THE 2ND |
San Jose Missions batting - Pitching for Albuquerque Isotopes : RHP Zózimo Pascoal
|
Batting: RHB Luis Antonio Rosas
|
0-0: Ball 1-0: Foul Ball, location: 2F 1-1: Foul Ball, location: 2F 1-2: Strikes out looking
|
Batting: LHB Wilson Vecino
|
0-0: Ball 1-0: Called Strike 1-1: SINGLE (Groundball, 34)
|
Batting: RHB Peyton Pennington
|
0-0: Ball 1-0: Ball 2-0: Foul Ball, location: 2F 2-1: Swinging Strike 2-2: SINGLE (Line Drive, 6D) Wilson Vecino to second
|
Batting: LHB Arturo Rivera
|
0-0: Called Strike 0-1: Foul Ball, location: 2F 0-2: Foul Ball, location: 2F 0-2: Strikes out swinging
|
Batting: RHB Armando López
|
0-0: Called Strike 0-1: Called Strike 0-2: Ball 1-2: Strikes out looking
|
Bottom of the 2nd over - 0 run(s), 2 hit(s), 0 error(s), 2 left on base; Albuquerque 10 - San Jose 2 |
TOP OF THE 3RD |
Albuquerque Isotopes batting - Pitching for San Jose Missions : LHP Robert Flannery
|
Batting: RHB Juan Barrera
|
0-0: SINGLE (Line Drive, 4M)
|
Batting: LHB A.J. Major
|
0-0: Foul Ball, location: 2F 0-1: Ball 1-1: Swinging Strike 1-2: Foul Ball, location: 2F 1-2: Ball Wild Pitch! Juan Barrera to second 2-2: Foul Ball, location: 2F 2-2: Ball 3-2: Base on Balls
|
Batting: SHB Lee Townsend
|
0-0: SINGLE (Popup, 8LS) Juan Barrera to third A.J. Major to second Runner from 3rd tries for Home, SAFE, throw made home A.J. Major to third Lee Townsend to second
|
Batting: RHB Edward Young
|
0-0: Ball 1-0: Ball 2-0: Foul Ball, location: 2F 2-1: Called Strike 2-2: Foul Ball, location: 2F 2-2: Ball Wild Pitch! A.J. Major scores Lee Townsend to third 3-2: Base on Balls
|
Batting: LHB Juan Carlos Sánchez
|
0-0: Grounds into double play, 1-6-3 (Groundball, 13)
|
Batting: RHB Cristián Herrera
|
0-0: Called Strike 0-1: Ground out 4-3 (Groundball, 4M)
|
Top of the 3rd over - 2 run(s), 2 hit(s), 0 error(s), 1 left on base; Albuquerque 12 - San Jose 2 |
BOTTOM OF THE 3RD |
San Jose Missions batting - Pitching for Albuquerque Isotopes : RHP Zózimo Pascoal
|
Batting: LHB Miguel Montés
|
0-0: Foul Ball, location: 2F 0-1: Fly out, F7 (Line Drive, 7S)
|
Batting: RHB Chang-geun Kim
|
0-0: Ball 1-0: Foul Ball, location: 2F 1-1: Ball 2-1: Ball 3-1: Ground out 4-3 (Groundball, 4)
|
Batting: RHB Dave Wookey
|
0-0: Foul Ball, location: 2F 0-1: Ball 1-1: SINGLE (Groundball, 56)
|
Batting: RHB Joe Broadhead
|
0-0: Foul Ball, location: 2F 0-1: Ball 1-1: Foul Ball, location: 2F 1-2: Ball 2-2: Ball 3-2: Base on Balls Dave Wookey to second
|
Batting: RHB Luis Antonio Rosas
|
0-0: Ball 1-0: Foul Ball, location: 2F 1-1: SINGLE (Line Drive, 9LS) Dave Wookey to third Joe Broadhead to second Runner from 3rd tries for Home, SAFE, no throw or cutoff
|
Batting: LHB Wilson Vecino
|
0-0: Ball 1-0: Called Strike 1-1: Called Strike 1-2: Ball 2-2: Foul Ball, location: 2F 2-2: Ball 3-2: Strikes out swinging
|
Bottom of the 3rd over - 1 run(s), 2 hit(s), 0 error(s), 2 left on base; Albuquerque 12 - San Jose 3 |
TOP OF THE 4TH |
Albuquerque Isotopes batting - Pitching for San Jose Missions : LHP Robert Flannery
|
Batting: LHB Domingo Cardona
|
0-0: Foul Ball, location: 2F 0-1: Ball 1-1: Called Strike 1-2: Strikes out looking
|
Batting: RHB Juan Vareas
|
0-0: Ball 1-0: Foul Ball, location: 2F 1-1: Ball 2-1: Foul Ball, location: 2F 2-2: Strikes out swinging
|
Batting: SHB Tony McLaughlin
|
0-0: Called Strike 0-1: Ball 1-1: Foul Ball, location: 2F 1-2: Ball 2-2: Foul Ball, location: 2F 2-2: Foul Ball, location: 2F 2-2: Ball 3-2: Fly out, F4 (Line Drive, 4)
|
Top of the 4th over - 0 run(s), 0 hit(s), 0 error(s), 0 left on base; Albuquerque 12 - San Jose 3 |
BOTTOM OF THE 4TH |
San Jose Missions batting - Pitching for Albuquerque Isotopes : RHP Zózimo Pascoal
|
Batting: RHB Peyton Pennington
|
0-0: Bunted foul 0-1: SINGLE (Line Drive, 56D)
|
Batting: LHB Arturo Rivera
|
0-0: Fly out, F9 (Popup, 3D)
|
Batting: RHB Armando López
|
Pickoff Throw to First - Out! 0-0: Ball 1-0: Called Strike 1-1: Ball 2-1: Ball 3-1: Foul Ball, location: 2F 3-2: Fly out, F9 (Popup, 4D)
|
Bottom of the 4th over - 0 run(s), 1 hit(s), 0 error(s), 0 left on base; Albuquerque 12 - San Jose 3 |
TOP OF THE 5TH |
Albuquerque Isotopes batting - Pitching for San Jose Missions : LHP Robert Flannery
|
Pitching: RHP Gabriel Moore
|
|
Batting: RHB Juan Barrera
|
0-0: SINGLE (Groundball, 6M)
|
Batting: LHB A.J. Major
|
0-0: Called Strike 0-1: Ball 1-1: SINGLE (Line Drive, 5D) Juan Barrera to second
|
Batting: SHB Lee Townsend
|
0-0: Called Strike 0-1: Called Strike 0-2: Ball Wild Pitch! Juan Barrera to third A.J. Major to second 1-2: SINGLE (Popup, 34S) Juan Barrera scores A.J. Major to third
|
Batting: RHB Edward Young
|
0-0: Ball 1-0: Foul Ball, location: 2F 1-1: Ball 2-1: Fly out, F9 (Popup, 9S)
|
Batting: LHB Juan Carlos Sánchez
|
0-0: Called Strike 0-1: Swinging Strike 0-2: Strikes out swinging
|
Batting: RHB Cristián Herrera
|
0-0: Called Strike 0-1: Foul Ball, location: 2F 0-2: Strikes out looking
|
Top of the 5th over - 1 run(s), 3 hit(s), 0 error(s), 2 left on base; Albuquerque 13 - San Jose 3 |
BOTTOM OF THE 5TH |
San Jose Missions batting - Pitching for Albuquerque Isotopes : RHP Zózimo Pascoal
|
Batting: LHB Miguel Montés
|
0-0: Ball 1-0: Fly out, F7 (Flyball, 78D)
|
Batting: RHB Chang-geun Kim
|
0-0: Ball 1-0: Called Strike 1-1: Ball 2-1: Called Strike 2-2: Ball 3-2: Strikes out swinging
|
Batting: RHB Dave Wookey
|
0-0: Foul Ball, location: 2F 0-1: Ground out 6-3 (Groundball, 6M)
|
Bottom of the 5th over - 0 run(s), 0 hit(s), 0 error(s), 0 left on base; Albuquerque 13 - San Jose 3 |
TOP OF THE 6TH |
Albuquerque Isotopes batting - Pitching for San Jose Missions : RHP Gabriel Moore
|
Batting: LHB Domingo Cardona
|
0-0: Swinging Strike 0-1: TRIPLE (Line Drive, 89D)
|
Batting: RHB Juan Vareas
|
0-0: SINGLE (Popup, 4MD) Domingo Cardona scores
|
Batting: SHB Tony McLaughlin
|
0-0: Called Strike 0-1: Foul Ball, location: 2F 0-2: Fielders Choice at 2nd, 1-6 (Groundball, 13S)
|
Batting: RHB Juan Barrera
|
0-0: SINGLE (Groundball, 6M) Tony McLaughlin to second
|
Batting: LHB A.J. Major
|
0-0: Called Strike 0-1: Ball 1-1: SINGLE (Groundball, 56S) Tony McLaughlin to third Juan Barrera to second Runner from 3rd tries for Home, throw and OUT! Juan Barrera to third A.J. Major to second
|
Batting: SHB Lee Townsend
|
0-0: Ball 1-0: Ball 2-0: Ball 3-0: Called Strike 3-1: Ground out 4-3 (Groundball, 4M)
|
Top of the 6th over - 1 run(s), 4 hit(s), 0 error(s), 2 left on base; Albuquerque 14 - San Jose 3 |
BOTTOM OF THE 6TH |
San Jose Missions batting - Pitching for Albuquerque Isotopes : RHP Zózimo Pascoal
|
Batting: RHB Joe Broadhead
|
0-0: Called Strike 0-1: Fly out, F9 (Flyball, 9M)
|
Batting: RHB Luis Antonio Rosas
|
0-0: Foul Ball, location: 2F 0-1: Ball 1-1: Ball 2-1: Foul Ball, location: 2F 2-2: Foul Ball, location: 2F 2-2: Strikes out swinging
|
Batting: LHB Wilson Vecino
|
0-0: Called Strike 0-1: Foul Ball, location: 2F 0-2: SINGLE (Line Drive, 34)
|
Pitching: RHP Diego Chávez
|
|
Pinch Hitting: RHB Raúl Perales
|
0-0: Ball 1-0: Called Strike 1-1: Ground out 5-3 (Groundball, 5)
|
Bottom of the 6th over - 0 run(s), 1 hit(s), 0 error(s), 1 left on base; Albuquerque 14 - San Jose 3 |
TOP OF THE 7TH |
Albuquerque Isotopes batting - Pitching for San Jose Missions : RHP Gabriel Moore
|
Now in RF: Raúl Perales
|
|
Pinch Hitting: LHB Mark Vestal
|
0-0: Called Strike 0-1: Ball 1-1: DOUBLE (Line Drive, 78XD)
|
Batting: LHB Juan Carlos Sánchez
|
0-0: Ball 1-0: Foul Ball, location: 2F 1-1: 2-RUN HOME RUN (Flyball, 9D), Distance : 437 ft
|
Pitching: RHP Jerry Poole
|
|
Batting: RHB Cristián Herrera
|
0-0: Ball 1-0: Swinging Strike 1-1: Foul Ball, location: 2F 1-2: Ball 2-2: Fly out, F4 (Popup, 13)
|
Batting: LHB Domingo Cardona
|
0-0: Ball 1-0: Foul Ball, location: 2F 1-1: DOUBLE (Flyball, 8RD)
|
Batting: RHB Juan Vareas
|
0-0: Ball Domingo Cardona is caught stealing 3rd base 1-0: Foul Ball, location: 2F 1-1: Foul Ball, location: 2F 1-2: Ball 2-2: Ground out 5-3 (Groundball, 5S)
|
Top of the 7th over - 2 run(s), 3 hit(s), 0 error(s), 0 left on base; Albuquerque 16 - San Jose 3 |
BOTTOM OF THE 7TH |
San Jose Missions batting - Pitching for Albuquerque Isotopes : RHP Diego Chávez
|
Now in CF: Roberto Pérez
|
|
Batting: LHB Arturo Rivera
|
0-0: SINGLE (Line Drive, 4M)
|
Batting: RHB Armando López
|
0-0: Ball 1-0: Called Strike Arturo Rivera is caught stealing 2nd base 1-1: Swinging Strike 1-2: Ball 2-2: Strikes out swinging
|
Batting: LHB Miguel Montés
|
0-0: Foul Ball, location: 2F 0-1: Ball 1-1: Ball 2-1: Called Strike 2-2: Strikes out swinging
|
Bottom of the 7th over - 0 run(s), 1 hit(s), 0 error(s), 0 left on base; Albuquerque 16 - San Jose 3 |
TOP OF THE 8TH |
Albuquerque Isotopes batting - Pitching for San Jose Missions : RHP Jerry Poole
|
Batting: SHB Tony McLaughlin
|
0-0: Ball 1-0: Called Strike 1-1: Ball 2-1: SINGLE (Groundball, 6MD)
|
Batting: RHB Juan Barrera
|
0-0: Sac Bunt - play at first, batter OUT! 1-3 Tony McLaughlin to second
|
Batting: LHB A.J. Major
|
0-0: Ball 1-0: Ball 2-0: Ball 3-0: Base on Balls
|
Batting: SHB Lee Townsend
|
0-0: Ball Tony McLaughlin steals 3rd base A.J. Major to second 1-0: Ball 2-0: Foul Ball, location: 2F 2-1: Ball 3-1: Base on Balls
|
Pitching: RHP Jeff Campbell
|
|
Batting: RHB Roberto Pérez
|
0-0: Grounds into fielders choice 1-2 (Groundball, 15S) A.J. Major to third Lee Townsend to second
|
Pinch Hitting: LHB Fernando Ortíz
|
0-0: Ball 1-0: Ball 2-0: Foul Ball, location: 2F 2-1: Foul Ball, location: 2F 2-2: Foul Ball, location: 2F 2-2: Ball 3-2: DOUBLE (Line Drive, 5D) A.J. Major scores Lee Townsend scores Roberto Pérez to third Roberto Pérez scores
|
Batting: RHB Cristián Herrera
|
0-0: Ball 1-0: Ball 2-0: Ball 3-0: Base on Balls
|
Pinch Hitting: RHB Wilson Gonzáles
|
0-0: Ball 1-0: Foul Ball, location: 2F 1-1: Ball 2-1: Ball 3-1: SINGLE (Flyball, 7S) Fernando Ortíz to third Cristián Herrera to second Runner from 3rd tries for Home, SAFE, no throw or cutoff
|
Batting: RHB Juan Vareas
|
0-0: Ball 1-0: Ball 2-0: Ball 3-0: Base on Balls Cristián Herrera to third Wilson Gonzáles to second
|
Batting: SHB Tony McLaughlin
|
0-0: Called Strike 0-1: Called Strike 0-2: Foul Ball, location: 2F 0-2: Ground out 1-3 (Groundball, 15S)
|
Top of the 8th over - 4 run(s), 3 hit(s), 0 error(s), 3 left on base; Albuquerque 20 - San Jose 3 |
BOTTOM OF THE 8TH |
San Jose Missions batting - Pitching for Albuquerque Isotopes : RHP Diego Chávez
|
Now at 1B: Alfonso Huertas
|
|
Now at 2B: Jorge Ramírez
|
|
Now at 3B: Donald Camp
|
|
Batting: RHB Chang-geun Kim
|
0-0: Ball 1-0: Swinging Strike 1-1: SINGLE (Groundball, 56)
|
Batting: RHB Dave Wookey
|
0-0: Foul Ball, location: 2F 0-1: Swinging Strike 0-2: Ball 1-2: Foul Ball, location: 2F 1-2: Ball 2-2: Strikes out swinging
|
Pinch Hitting: RHB Madidou El Sayed
|
0-0: Ball 1-0: Ball 2-0: Called Strike 2-1: Ball 3-1: Base on Balls Chang-geun Kim to second
|
Batting: RHB Luis Antonio Rosas
|
0-0: Ball 1-0: Ball 2-0: Fly out, F4 (Line Drive, 4M) 2-0: Lined into DP, U4 (Line Drive, 4M)
|
Bottom of the 8th over - 0 run(s), 1 hit(s), 0 error(s), 1 left on base; Albuquerque 20 - San Jose 3 |
TOP OF THE 9TH |
Albuquerque Isotopes batting - Pitching for San Jose Missions : RHP Jeff Campbell
|
Pitching: RHP Lorenzo Diéguez
|
|
Now at 2B: Carlos Moreno
|
|
Batting: RHB Juan Barrera
|
0-0: Ball 1-0: Foul Ball, location: 2F 1-1: Fly out, F9 (Flyball, 9LM)
|
Pinch Hitting: RHB Arturo García
|
0-0: Ball 1-0: Ball 2-0: Ball 3-0: Base on Balls
|
Batting: SHB Lee Townsend
|
0-0: Ball 1-0: Called Strike 1-1: Foul Ball, location: 2F 1-2: Ball 2-2: SINGLE (Line Drive, 8LS) Arturo García to second
|
Batting: RHB Roberto Pérez
|
0-0: Swinging Strike 0-1: Ball 1-1: Foul Ball, location: 2F 1-2: Strikes out looking
|
Batting: RHB Alfonso Huertas
|
0-0: Foul Ball, location: 2F 0-1: Ball 1-1: Called Strike 1-2: Strikes out swinging
|
Top of the 9th over - 0 run(s), 1 hit(s), 0 error(s), 2 left on base; Albuquerque 20 - San Jose 3 |
BOTTOM OF THE 9TH |
San Jose Missions batting - Pitching for Albuquerque Isotopes : RHP Diego Chávez
|
Now in LF: Arturo García
|
|
Pinch Hitting: RHB Mike Gordon
|
0-0: Ball 1-0: Foul Ball, location: 2F 1-1: Bunted foul 1-2: Ground out 6-3 (Groundball, 6)
|
Pinch Hitting: RHB Jim Brown
|
0-0: Ball 1-0: Ball 2-0: Called Strike 2-1: Ball 3-1: Called Strike 3-2: Foul Ball, location: 2F 3-2: Foul Ball, location: 2F 3-2: Ground out 5-3 (Groundball, 5)
|
Batting: LHB Arturo Rivera
|
0-0: Ground out 4-3 (Groundball, 4)
|
Bottom of the 9th over - 0 run(s), 0 hit(s), 0 error(s), 0 left on base; Albuquerque 20 - San Jose 3 |
|